 Dungeon Crawl Stone Soup version 0.26.0-10-g1f06aea511 (webtiles) character file.

Game seed: 18430154301225066068

21 inc the Vexing (level 2, -3/11 HPs)
             Began as a Felid Enchanter on Jan 29, 2021.
             Killed from afar by a dart slug (6 damage)
             ... with a slug dart
             ... on level 1 of the Dungeon.
             The game lasted 00:00:58 (1027 turns).

inc the Vexing (Felid Enchanter)                    Turns: 1027, Time: 00:00:58

Health: -3/11      AC:  1    Str:  4    XL:     2   Next: 65%
Magic:  0/6        EV: 18    Int: 16    God:
Gold:   128        SH:  0    Dex: 16    Spells: 2/5 levels left
                                        Lives:  0   Deaths: 0

rFire    . . .     SeeInvis +     - Unarmed
rCold    . . .     Faith    .   (shield unavailable)
rNeg     . . .     Spirit   .   (armour unavailable)
rPois    .         Reflect  .   (helmet unavailable)
rElec    .         Harm     .   (cloak unavailable)
rCorr    +         Rampage  .   (gloves unavailable)
Will     .....                  (boots unavailable)
Stlth    +++.......             (no amulet)
HPRegen  0.03/turn              f - ring of resist corrosion
MPRegen  0.10/turn              (no ring)

@: very slightly contaminated, quick
A: very small, no armour, no weapons or thrown items, stealth, claws 1, fangs 3,
see invisible, speed 1, shaggy fur 1, sharp paws
a: no special abilities


You were on level 1 of the Dungeon.
You visited 1 branch of the dungeon, and saw 1 of its levels.

You collected 128 gold pieces.

Inventory:

Jewellery
 f - a ring of resist corrosion (left paw)
Scrolls
 c - a scroll of remove curse {unknown}
 d - a scroll of enchant armour {unknown}
 e - a scroll of amnesia {unknown}
 g - a scroll of teleportation {unknown}
 h - a scroll of identify {unknown}
Potions
 a - a potion of lignification {unknown}
 b - a potion of flight {unknown}


   Skills:
 - Level 2.6 Dodging
 - Level 4.0 Stealth
 + Level 2.7 Unarmed Combat
 - Level 2.0 Spellcasting
 - Level 4.4 Hexes


You had 2 spell levels left.
You knew the following spells:

 Your Spells              Type           Power        Failure   Level
a - Corona                Hex            16%          3%          1
b - Ensorcelled Hibernat  Hex/Ice        16%          13%         2

Your spell library contained the following spells:

 Spells                   Type           Power        Failure   Level
 Confusing Touch          Hex            15%          11%         3
 Tukima's Dance           Hex            15%          11%         3
 Dazzling Flash           Conj/Hex       16%          26%         3


Dungeon Overview and Level Annotations

Branches:
Dungeon (1/15)

Altars:


Innate Abilities, Weirdness & Mutations

You cannot wear armour.
You are incapable of wielding weapons or throwing items.
Your paws allow you to move quietly. (Stealth)
You have sharp claws.
You have razor-sharp teeth.
You have supernaturally acute eyesight. (SInv)
You cover ground quickly.
You are covered in fur. (AC +1)
Your sharp claws are effective at attacking unaware monsters.


Message History

Aim: a bat (chance to affect: 57%)
You miscast Ensorcelled Hibernation.
You are very lightly contaminated with residual magic.
Nothing appears to happen.
The bat misses you. The bat hits you.
Casting: Ensorcelled Hibernation (safe; 13% risk of failure)
Confirm with . or Enter, or press ? or * to list all spells.
Aiming: Ensorcelled Hibernation (safe; 13% risk of failure)
Press: ? - help, Shift-Dir - straight line, f/p - bat
Aim: a bat (chance to affect: 57%)
The bat looks drowsy...
The dart slug launches a dart at you. The slug dart hits you.
Ouch! That really hurt!
* * * LOW HITPOINT WARNING * * *
You pounce on the unaware helpless bat!
You mangle the bat!!
You kill the bat!
The dart slug launches a dart at you. The slug dart hits you.
Ouch! That really hurt!
You die...

#.# #.# #.# #.#
..######### #.#####
........÷.####.#...#
......###........#.# ##
...##.########.#...# .. .
...........# #.##.###.#...
....#.####.###..†.........
#...>.# #..†)..@.>...w..h
#...### #######.####.#...
...[######### #.# #
............# #.#
##..#######.# #.# #..# #.#
#.# #..# #.# #.# #..# #.#
#.# #..#######.#


You could see a dart slug.

Vanquished Creatures
  A gnoll (D:1)
  3 bats (D:1)
  A giant cockroach (D:1)
  3 jackals (D:1)
  2 kobolds (D:1)
  2 rats (D:1)
12 creatures vanquished.

Notes
Turn   | Place    | Note
-------+----------+-------------------------------------------
     0 | D:1      | inc the Felid Enchanter began the quest for the Orb.
     0 | D:1      | Reached XP level 1. HP: 7/7 MP: 4/4
   584 | D:1      | Reached XP level 2. HP: 5/11 MP: 4/6
   938 | D:1      | Learned a level 2 spell: Ensorcelled Hibernation
  1027 | D:1      | Killed from afar by a dart slug

Illustrated notes

Levels and vault maps discovered:
D:1:      minmay_arrival_open_corners, layout_loops_ring, minivault_19,
          amethyst_killhole

Skill      XL: |  1 |
---------------+----+-----
Unarmed Combat | 2 |  2.7
Dodging        | |  2.6
Stealth        | |  4.0
Spellcasting   | |  2.0
Hexes          | |  4.4

Action                   || total
-------------------------++-------
Melee: Unarmed           ||    38
       Bite              ||     5
 Cast: Corona            ||     8
       Ensorcelled Hiber ||     2
 Stab: Sleeping          ||     6
Dodge: Dodged            ||    36
